 Dungeon Crawl Stone Soup version 0.30-a0-800-g7c544603b3 (webtiles) character file.

Game seed: 11481514450304602016

82 Iich the Chopper (level 4, -1/41 HPs)
             Began as a Hill Orc Fighter on Feb 22, 2023.
             Slain by a gnoll
             ... wielding a +0 whip
              (3 damage)
             ... on level 3 of the Dungeon.
             The game lasted 00:02:24 (1977 turns).

Iich the Chopper (Hill Orc Fighter)                 Turns: 1977, Time: 00:02:25

Health: -1/41      AC: 10    Str: 24    XL:     4   Next: 43%
Magic:  4/4        EV:  9    Int:  8    God:
Gold:   132        SH:  4    Dex: 12    Spells: 3/3 levels left

rFire   . . .      SeeInvis .    a - +0 war axe
rCold   . . .      Faith    .    c - +0 buckler
rNeg    . . .      Spirit   .    b - +0 scale mail
rPois   .          Reflect  .    (no helmet)
rElec   .          Harm     .    (no cloak)
rCorr   .          Rampage  .    (no gloves)
Will    .....                    (no boots) Stlth
                                 (no amulet)
HPRegen 0.26/turn                f - +4 ring of protection
MPRegen 0.09/turn                g - +6 ring of strength

@: no status effects
A: no striking features
a: no special abilities


You were on level 3 of the Dungeon.
You visited 1 branch of the dungeon, and saw 3 of its levels.

You collected 132 gold pieces.

Inventory:

Hand Weapons
 a - a +0 war axe (weapon)
Armour
 b - a +0 scale mail (worn)
 c - a +0 buckler (worn)
Jewellery
 f - a +4 ring of protection (left hand)
 g - a +6 ring of strength (right hand)
 n - an amulet of regeneration
Scrolls
 h - a scroll of amnesia
 j - a scroll of vulnerability {unknown}
 k - a scroll of fog {unknown}
 l - a scroll of teleportation {unknown}
 m - a scroll of identify {unknown}
Potions
 e - a potion of cancellation
 o - a potion of lignification {unknown}


   Skills:
 + Level 4.5 Fighting
 * Level 5.2 Axes
 - Level 3.2 Armour
 - Level 3.2 Shields


You had 3 spell levels left.
You didn't know any spells.
Your spell library contained the following spells:

 Spells                   Type           Power      Damage    Failure   Level
 Slow                     Hex            0%         N/A       80%         1
 Ozocubu's Armour         Ice            0%         N/A       99%         3
 Metabolic Englaciation   Hex/Ice        0%         N/A       100%        5
 Simulacrum               Ice/Necr       0%         N/A       100%        6


Dungeon Overview and Level Annotations

Branches:
Dungeon (3/15)

Altars:


Message History

The gnoll hits you from afar with a +0 spear.
* * * LOW HITPOINT WARNING * * *
It was a potion of cancellation.
Your magical effects are unravelling.
You feel magically purged.
You feel a little less mighty now. You block the gnoll's attack.
The gnoll hits you with a +0 whip.
* * * LOW HITPOINT WARNING * * *
The gnoll hits you from afar with a +0 spear.
* * * LOW HITPOINT WARNING * * *
It was a potion of curing.
You feel better. The gnoll closely misses you.
The gnoll hits you with a +0 whip.
* * * LOW HITPOINT WARNING * * *
The gnoll hits you from afar with a +0 spear.
* * * LOW HITPOINT WARNING * * *
You feel better.
The gnoll hits you from afar with a +0 halberd.
* * * LOW HITPOINT WARNING * * *
The gnoll closely misses you.
You barely miss the gnoll. The gnoll closely misses you.
The gnoll hits you from afar with a +0 spear.
* * * LOW HITPOINT WARNING * * *
The gnoll closely misses you. The gnoll hits you with a +0 spear.
* * * LOW HITPOINT WARNING * * *
The gnoll closely misses you. The gnoll barely misses you.
A hobgoblin comes into view.
The gnoll barely misses you. The gnoll attacks as you move away!
The gnoll barely misses you. x2
You slash the gnoll!
The gnoll is severely wounded.
You block the gnoll's attack. The gnoll hits you with a +0 whip!
* * * LOW HITPOINT WARNING * * *
The gnoll attacks as you move away! The gnoll hits you with a +0 whip.
* * * LOW HITPOINT WARNING * * *
The gnoll attacks as you move away! The gnoll hits you with a +0 whip.
* * * LOW HITPOINT WARNING * * *
The gnoll attacks as you move away! The gnoll barely misses you.
The gnoll attacks as you move away! The gnoll barely misses you.
The gnoll attacks as you move away! The gnoll hits you with a +0 whip.
You die...

≈≈≈≈≈≈≈≈≈≈≈≈≈≈≈≈≈≈≈≈≈~....
#########################''
#..............# #..(
#.....)(.......+ #†()
#+##....((........#########...
#......########..........#....
#......# #..........'....
#......########..........#....
#)##..gg.gg.g@....#########...
#g$ #..)...........+ #... #$g
#..............# #... #$$
################ #### ###


You could see 3 gnolls and 2 hobgoblins.

Vanquished Creatures
  2 gnolls (D:3)
  An adder (D:3)
  An orc (D:3)
  4 ball pythons
  2 endoplasms (D:2)
  3 giant cockroaches
  3 goblins
  5 hobgoblins
  3 jackals (D:2)
  2 quokkas
  2 bats (D:1)
  2 frilled lizards
  17 kobolds
  A rat (D:2)
48 creatures vanquished.

Notes
Turn   | Place    | Note
-------+----------+-------------------------------------------
     0 | D:1      | Iich the Hill Orc Fighter began the quest for the Orb.
     0 | D:1      | Reached XP level 1. HP: 19/19 MP: 1/1
   192 | D:1      | Reached skill level 3 in Axes
   353 | D:1      | Reached XP level 2. HP: 18/27 MP: 2/2
   962 | D:2      | Reached skill level 4 in Axes
   965 | D:2      | Reached XP level 3. HP: 33/33 MP: 3/3
   966 | D:2      | Found a faded altar of an unknown god.
   974 | D:2      | Got Plato's Excursus on the Sphinx
  1355 | D:2      | Identified the +3 rapier of the Magi {flame, Dex+3}
  1868 | D:3      | Reached XP level 4. HP: 30/41 MP: 4/4
  1934 | D:3      | Reached skill level 5 in Axes
  1972 | D:3      | HP: 2/41 [gnoll/+0 whip (6)]
  1977 | D:3      | Slain by a gnoll

Illustrated notes

Levels and vault maps discovered:
D:1:      sevenhm_arrival_forest_fort_small_5, layout_loops_ring, serial_glass,
          glass_columns_a, glass_columns_a, st_stairs_3
D:2:      layout_basic, shapermc_ecumenical_altar_rom_forum
D:3:      minmay_goblin_kobold_castle, layout_basic, dk_noncrumbling_4,
          uniq_crazy_yiuf_cottage

Skill      XL: |  1  2  3  4 |
---------------+-------------+-----
Axes           | 3 4 5 |  5.2
Fighting       | 4 |  4.5
Armour         | |  3.2
Shields        | |  3.2

Action                     |  1- 3 |  4- 6 || total
---------------------------+-------+-------++-------
  Melee: War axe           |   100 |    20 ||   120
    Use: Scroll            |     1 |       ||     1
         Potion            |       |     4 ||     4
 Armour: Scale mail        |    48 |     6 ||    54
  Dodge: Dodged            |    57 |    20 ||    77
  Block: Buckler           |    12 |     9 ||    21

Table legend: (Time is in decaauts)
 A = Elapsed time spent in this place.
 B = Non-inter-level travel time spent in this place.
 C = Inter-level travel time spent in this place.
 D = Time resting spent in this place.
 E = Time spent auto-exploring this place.
 F = Levels seen in this place.
 G = Mean time per level.
                   A        B        C        D        E       F      G
               +--------+--------+--------+--------+--------+-----+--------+
         Total |   2019 |   1920 |     99 |      0 |   1621 |   3 |  673.0 |
       Dungeon |   2019 |   1920 |     99 |      0 |   1621 |   3 |  673.0 |
               +--------+--------+--------+--------+--------+-----+--------+

Top non-repeatable levels by time:
     D:2: 876 daAuts
     D:1: 802 daAuts
     D:3: 341 daAuts
